Map: Dusk Towers

Players

КАРАКУРТ

  • Race: Zerg Zerg
  • League: Gold

DaBusDriver - Winner!

  • Race: Protoss Protoss
  • League: Gold

VOD

Have the link to the VOD?

Description

Time

  • Played on: May 8, 2016, 11:37 p.m.
  • Length: 14:31
Show
View Real Time Build Order
Export as new Build Order

КАРАКУРТ Zerg 

Build Orders: Pool First 

Get SALT Encoding   

  12  0:12  Drone  
  13  0:20  Overlord  
  13  0:24  Drone  
  14  0:38  Drone x2  
  16  0:45  Drone  
  17  0:59  Spawning Pool  
  16  1:17  Hatchery  
  15  1:23  Drone  
  15  1:24  Drone x2  
  18  1:31  Extractor  
  17  1:39  Drone  
  18  1:52  Drone  
  19  1:54  Queen  
  19  1:56  Overlord  
  21  2:08  Drone  
  22  2:28  Hatchery  
  21  2:30  Queen  
  21  2:32  Zergling x2  
  21  2:36  Metabolic Boost  
  24  2:41  Zergling x2  
  25  2:52  Zergling x2  
  21  3:14  Zergling x4  
  23  3:20  Zergling x2  
  23  3:21  Zergling x10  
  29  3:28  Zergling x2  
  30  3:35  Zergling x2  
  31  4:01  Drone  
  31  4:02  Drone x4  
  36  4:04  Overlord x2  
  35  4:17  Queen  
  32  4:30  Drone x3  
  33  4:38  Burrow  
  33  4:39  Drone x2  
  33  4:40  Drone x4  
  39  4:54  Hatchery  
  38  5:02  Roach Warren  
  38  5:03  Drone x2  
  38  5:05  Drone  
  38  5:06  Drone x2  
  42  5:07  Extractor  
  42  5:09  Extractor  
  40  5:22  Overlord x2  
  40  5:24  Spore Crawler  
  40  5:27  Drone, Spore Crawler  
  39  5:32  Drone  
  40  5:37  Drone  
  40  5:38  Drone  
  40  5:39  Drone x3  
  45  5:56  Roach  
  45  5:57  Roach x4  
  55  6:00  Drone  
  56  6:04  Overlord  
  56  6:06  Queen  
  56  6:10  Drone x3  
  61  6:25  Pneumatized Carapace  
  61  6:27  Roach  
  61  6:28  Roach x4  
  71  6:33  Drone x3  
  71  6:35  Overlord  
  74  6:40  Overlord x2  
  74  6:54  Drone  
  74  6:55  Drone  
  74  6:56  Extractor  
  74  6:57  Drone  
  74  6:59  Drone x2, Queen  
  80  7:04  Ravager x4  
  80  7:05  Ravager  
  68  7:16  Spore Crawler  
  68  7:18  Spore Crawler  
  68  7:21  Spore Crawler x2  
  62  7:36  Ravager  
  67  7:37  Ravager x4  
  67  7:49  Drone  
  67  7:56  Drone x3  
  64  7:59  Drone  
  64  8:00  Drone x2  
  64  8:04  Hatchery  
  66  8:13  Lair  
  66  8:16  Drone x9  
  75  8:40  Drone x2  
  47  8:58  Drone  
  47  8:59  Drone  
  47  9:02  Extractor  
  48  9:04  Extractor  
  49  9:16  Spire  
  48  9:18  Drone  
  48  9:19  Drone x7  
  48  9:21  Drone  
  57  9:35  Roach x6  
  57  9:36  Roach x3  
  73  9:57  Hatchery, Ravager x6  
  73  9:58  Ravager  
  79  10:04  Drone x3  
  82  10:10  Drone  
  71  10:27  Drone  
  72  10:28  Drone  
  72  10:31  Mutalisk x3  
  68  10:53  Mutalisk x2  
  72  11:02  Drone x4  
  72  11:03  Drone x2, Mutalisk  
  80  11:10  Drone x2  
  80  11:11  Drone x2  
  84  11:12  Mutalisk  
  86  11:18  Drone  
  86  11:20  Drone  
  86  11:38  Spore Crawler  
  84  11:40  Spore Crawler  
  84  11:42  Spore Crawler  
  84  11:46  Overlord  
  82  11:47  Hatchery, Overlord x2  
  81  12:08  Mutalisk x3  
  83  12:10  Drone x2  
  83  12:11  Drone x2  
  91  12:16  Overlord x3  
  91  12:42  Mutalisk x3  
  97  12:47  Mutalisk  
  97  12:48  Mutalisk  
  97  12:50  Drone x4  
  104  12:51  Drone  
  104  12:57  Spore Crawler  
  103  12:59  Spore Crawler  
  103  13:00  Spore Crawler  
  97  13:05  Hatchery  
  94  13:19  Mutalisk x3  
  100  13:28  Spore Crawler  
  100  13:31  Hydralisk Den  
  98  13:34  Mutalisk  
  98  13:38  Drone x2  
  98  13:39  Drone x3  
Show
View Real Time Build Order
Export as new Build Order

DaBusDriver Protoss - Winner!

Build Orders:  

Get SALT Encoding   

  12  0:03  Probe (Chrono Boost)  
  14  0:14  Probe (Chrono Boost)  
  14  0:24  Probe (Chrono Boost)  
  15  0:30  Pylon  
  15  0:48  Probe (Chrono Boost)  
  16  0:59  Probe (Chrono Boost)  
  16  1:02  Gateway  
  17  1:07  Assimilator  
  17  1:09  Probe (Chrono Boost)  
  18  1:13  Assimilator  
  18  1:20  Probe (Chrono Boost)  
  19  1:30  Probe (Chrono Boost)  
  20  1:41  Probe (Chrono Boost)  
  21  1:51  Probe (Chrono Boost)  
  22  1:59  Forge  
  22  2:02  Probe (Chrono Boost)  
  22  2:06  Pylon  
  23  2:13  Pylon  
  23  2:24  Zealot  
  25  2:32  Photon Cannon  
  25  2:34  Photon Cannon  
  25  2:37  Photon Cannon  
  25  2:43  Photon Cannon  
  25  2:55  Cybernetics Core  
  25  3:19  Probe (Chrono Boost)  
  26  3:30  Nexus  
  26  3:31  Pylon  
  26  3:39  Stalker  
  28  3:42  Photon Cannon  
  28  4:18  Photon Cannon  
  28  4:21  Photon Cannon  
  28  4:22  Stargate  
  28  4:23  Stargate  
  28  4:25  Stargate  
  28  4:43  Probe (Chrono Boost)  
  29  4:53  Probe (Chrono Boost)  
  29  4:59  Assimilator  
  30  5:04  Probe (Chrono Boost)  
  31  5:12  Pylon  
  31  5:14  Forge  
  31  5:27  Photon Cannon  
  31  5:28  Photon Cannon  
  31  5:29  Oracle x2  
  31  5:30  Pylon  
  31  5:33  Oracle  
  40  5:36  Probe (Chrono Boost)  
  41  5:47  Probe (Chrono Boost)  
  42  5:57  Probe (Chrono Boost)  
  43  6:07  Probe (Chrono Boost)  
  43  6:11  Oracle x2 (Chrono Boost)  
  50  6:13  Oracle (Chrono Boost)  
  50  6:16  Probe  
  54  6:27  Probe  
  55  6:38  Probe  
  56  6:46  Nexus  
  56  6:48  Probe  
  61  6:58  Mothership Core, Void Ray (Chrono Boost)  
  75  7:37  Void Ray (Chrono Boost)  
  75  7:42  Void Ray x2 (Chrono Boost)  
  75  7:50  Photon Cannon  
  75  7:52  Photon Cannon  
  75  7:54  Photon Cannon  
  75  8:08  Photon Cannon  
  75  8:09  Photon Cannon  
  75  8:10  Pylon  
  79  8:31  Void Ray (Chrono Boost)  
  77  8:52  Void Ray (Chrono Boost)  
  77  8:55  Probe  
  85  8:57  Void Ray (Chrono Boost)  
  85  8:58  Probe  
  85  9:00  Assimilator  
  87  9:05  Probe x2  
  87  9:08  Probe  
  89  9:16  Probe  
  90  9:17  Probe  
  90  9:19  Probe  
  93  9:55  Pylon  
  93  9:57  Pylon  
  93  9:59  Assimilator  
  93  10:03  Assimilator  
  93  10:13  Probe x2, Void Ray (Chrono Boost)  
  101  10:19  Void Ray (Chrono Boost)  
  107  10:21  Void Ray (Chrono Boost)  
  107  10:24  Probe x2  
  109  11:12  Fleet Beacon  
  109  11:15  Pylon x2  
  109  11:16  Pylon  
  109  11:18  Pylon  
  109  11:23  Stargate  
  109  11:26  Stargate  
  109  11:31  Probe  
  108  12:13  Phoenix (Chrono Boost)  
  117  12:16  Phoenix x2 (Chrono Boost)  
  117  12:17  Phoenix x2 (Chrono Boost)  
  117  12:18  Nexus  
  117  12:35  Phoenix (Chrono Boost)  
  119  12:41  Phoenix x2 (Chrono Boost)  
  119  12:42  Phoenix x2 (Chrono Boost)  
  127  12:51  Probe  
  128  12:57  Phoenix (Chrono Boost)  
  130  13:03  Probe  
  139  13:06  Phoenix x2 (Chrono Boost)  
  139  13:07  Phoenix x2 (Chrono Boost)  
  139  13:12  Assimilator  
  139  13:15  Probe  
  139  13:17  Assimilator  
  140  13:20  Pylon  
  140  13:22  Pylon  
  140  13:24  Pylon  
  140  13:29  Probe  
  140  13:30  Phoenix (Chrono Boost)  
  143  13:39  Probe  
Tags
 
Add a new tag
Caveats
  • Supply blocks, unpowered buildings, or Contaminate may cause inaccurate times.
  • Supply counts are checked every 10 seconds.